 Dungeon Crawl Stone Soup version 0.29.1-1-gd02db6906a (webtiles) character file.

Game seed: 13847632241772489014

2123 Demigod47 the Basher (level 9, -1/77 (78) HPs)
             Began as a Minotaur Fighter on Oct 7, 2022.
             Slain by an orc warrior
             ... wielding a +0 glaive
              (15 damage)
             ... on level 7 of the Dungeon.
             The game lasted 00:15:57 (6760 turns).

Demigod47 the Basher (Minotaur Fighter)             Turns: 6760, Time: 00:15:58

HP:   -1/77 (78)    AC: 13    Str: 24    XL:     9   Next: 8%
MP:   8/8           EV: 12    Int:  5    God:
Gold: 1065          SH:  0    Dex: 25    Spells: 8/8 levels left

rFire   . . .      SeeInvis .   j - +5 war axe of Edaytaz {vorpal, Dex+2}
rCold   + . .      Faith    .   c - +0 buckler
rNeg    . . .      Spirit   .   m - +2 scale mail {rC+}
rPois   .          Reflect  .   (helmet restricted)
rElec   .          Harm     .   o - +1 cloak
rCorr   .          Rampage  .   g - +0 pair of gloves
Will    .....                   (no boots)
Stlth   ..........              e - amulet of magic regeneration
HPRegen 0.22/turn               k - +6 ring of dexterity
MPRegen 0.51/turn               y - +6 ring of dexterity

@: confused, lightly drained
A: horns 2, retaliatory headbutt
a: no special abilities


You were on level 7 of the Dungeon.
You visited 2 branches of the dungeon, and saw 8 of its levels.

You collected 1065 gold pieces.

Inventory:

Hand Weapons
 a - a +0 flail
 j - the +5 war axe of Edaytaz (weapon) {vorpal, Dex+2}
   (You found it on level 6 of the Dungeon)

   It inflicts extra damage upon your enemies.
   Dex:       It affects your dexterity (+2).
 v - a +5 dire flail of draining
Missiles
 d - 6 atropa-tipped darts
 f - 3 poisoned darts (quivered)
 n - 4 javelins
 s - 4 curare-tipped darts
Armour
 c - a +0 buckler (worn)
 g - a +0 pair of gloves (worn)
 m - a +2 scale mail of cold resistance (worn)
 o - a +1 cloak (worn)
Jewellery
 e - an amulet of magic regeneration (around neck)
 k - a +6 ring of dexterity (left hand)
 q - a ring of protection from fire
 u - a ring of wizardry
 y - a +6 ring of dexterity (right hand)
 A - a ring of see invisible
Wands
 l - a wand of iceblast (4)
Scrolls
 b - a scroll of immolation
 h - 2 scrolls of poison
 p - a scroll of blinking
 r - a scroll of fear
 t - 2 scrolls of teleportation
 w - a scroll of amnesia
Potions
 i - 5 potions of curing
 z - 2 potions of cancellation


   Skills:
 + Level 6.8 Fighting
 * Level 2.4(6.3) Axes
 + Level 9.1(9.3) Maces & Flails
 + Level 7.9 Armour
 + Level 3.1 Dodging
 + Level 1.0 Stealth
 + Level 5.6 Shields


You had 8 spell levels left.
You didn't know any spells.
Your spell library contained the following spells:

 Spells                   Type           Power      Damage    Failure   Level
 Magic Dart               Conj           0%         1d3       83%         1
 Slow                     Hex            0%         N/A       83%         1
 Call Imp                 Summ           0%         N/A       92%         2
 Poisonous Vapours        Pois/Air       0%         N/A       92%         2
 Sublimation of Blood     Necr           0%         N/A       92%         2
 Confusing Touch          Hex            0%         N/A       99%         3
 Ignite Poison            Fire/Tmut/Pois 0%         N/A       99%         3
 Mephitic Cloud           Conj/Pois/Air  0%         N/A       99%         3
 Summon Guardian Golem    Hex/Summ       0%         N/A       99%         3
 Vampiric Draining        Necr           0%         2d6       99%         3
 Corpse Rot               Necr/Pois/Air  0%         N/A       100%        4
 Petrify                  Tmut/Erth      0%         N/A       100%        4
 Freezing Cloud           Conj/Ice/Air   0%         6-21      100%        5
 Irradiate                Conj/Tmut      0%         3d11      100%        5
 Malign Gateway           Summ/Tloc      0%         N/A       100%        7
 Orb of Destruction       Conj           0%         9d5       100%        7
 Spellforged Servitor     Conj/Summ      0%         N/A       100%        7
 Summon Horrible Things   Summ           0%         N/A       100%        8


Dungeon Overview and Level Annotations

Branches:
Dungeon (7/15)             Temple (1/1) D:6

Altars:
Ashenzari
Dithmenos
Fedhas
Gozag
Hepliaklqana
Makhleb
Nemelex Xobeh
Qazlal
Ru
Vehumet
Wu Jian
Xom
Yredelemnul
Zin
The Shining One

Shops:
D:3 *


Innate Abilities, Weirdness & Mutations

You have a pair of horns on your head.
You reflexively headbutt those who attack you in melee.


Message History

You furiously retaliate!
You headbutt the centaur! You block the centaur's attack.
You hit the centaur.
The centaur is almost dead.
The centaur hits you but does no damage.
The centaur kicks you but does no damage.
The orc wizard gestures wildly while chanting.
The orc wizard flickers and vanishes!
Deactivating autopickup; reactivate with Ctrl-A.
The orc warrior closely misses you.
You hit the centaur.
You kill the centaur!
The orc warrior hits you from afar with a +0 glaive!
You block the orc warrior's attack. Something hits you.
Your base Axes skill increases to level 2!
The orc warrior hits you from afar with a +0 glaive!
* * * LOW HITPOINT WARNING * * *
Things that are here:
a +0 shortbow; a centaur corpse Something hits you but does no damage.
The orc warrior closely misses you.
Things that are here:
a +0 flail; an orc corpse The orc attacks as you move away!
The orc hits you but does no damage. Something hits you but does no damage.
The orc warrior misses you.
Things that are here:
a +0 shortbow; a centaur corpse The orc warrior hits you from afar with a +0 glaive.
* * * LOW HITPOINT WARNING * * *
The orc barely misses you. You furiously retaliate!
You headbutt the orc.
Things that are here:
a +0 hand axe; an orc corpse You block something's attack.
A magic dart appears from out of thin air!
The magic dart hits you but does no damage.
You hear some strange, mumbled words.
You are confused.
You're too confused to move!
Something hits you but does no damage.
The orc warrior hits you from afar with a +0 glaive!
You die...

#.# #.# #.#
#.# #.#.o
######.#..
#......#oo
#.)...<#o#
#.#####@.#c#
#.......{#.#
#######o##.#
.......oo..#
#######.#oo#
#.#o.#
..#..#
####..# ...#


You could see an orc warrior, an orc wizard and an orc.

Vanquished Creatures
  Sigmund (D:2)
  Edmund (D:6)
  2 water moccasins
  An ice beast (D:5)
  2 black bears (D:5)
  An ogre (D:5)
  A phantom (D:5)
  A centaur (D:7)
  6 scorpions
  2 necrophages
  A howler monkey (D:5)
  2 hounds
  3 orc priests
  A gnoll bouda (D:5)
  A jelly (D:6)
  3 orc wizards (D:6)
  2 iguanas
  Natasha (thrice) (D:3)
  7 gnolls
  2 adders
  2 shadow imps (D:6)
  2 white imps
  An ufetubus (D:5)
  2 worms
  4 dart slugs
  13 orcs
  7 ball pythons
  5 bats (D:1)
  4 endoplasms
  4 giant cockroaches
  4 goblins
  4 hobgoblins
  3 jackals (D:3)
  5 quokkas
  3 frilled lizards
  6 kobolds
  12 rats
124 creatures vanquished.

Vanquished Creatures (others)
  A plant (D:1)
1 creature vanquished.

Grand Total: 125 creatures vanquished

Notes
Turn   | Place    | Note
-------+----------+-------------------------------------------
     0 | D:1      | Demigod47 the Minotaur Fighter began the quest for the Orb.
     0 | D:1      | Reached XP level 1. HP: 19/19 MP: 0/0
   241 | D:1      | Reached XP level 2. HP: 27/27 MP: 1/1
   602 | D:1      | Reached skill level 3 in Maces & Flails
   602 | D:1      | Reached XP level 3. HP: 33/33 MP: 2/2
   827 | D:1      | Found a faded altar of an unknown god.
  1344 | D:2      | Noticed Sigmund
  1367 | D:2      | Killed Sigmund
  1368 | D:2      | Reached skill level 5 in Fighting
  1368 | D:2      | Reached skill level 4 in Maces & Flails
  1368 | D:2      | Reached XP level 4. HP: 30/42 MP: 3/3
  1368 | D:2      | Reached XP level 5. HP: 34/48 MP: 4/4
  1680 | D:2      | Found a sparkling altar of Nemelex Xobeh.
  2093 | D:3      | Found Qacsu's Assorted Antiques.
  2353 | D:3      | Found a glowing silver altar of Zin.
  2353 | D:3      | Noticed Natasha
  2358 | D:3      | Killed Natasha
  2413 | D:3      | Noticed Natasha
  2423 | D:3      | Killed Natasha
  2424 | D:3      | Reached skill level 5 in Maces & Flails
  2424 | D:3      | Reached skill level 1 in Dodging
  2424 | D:3      | Reached XP level 6. HP: 44/56 MP: 5/5
  2516 | D:3      | Noticed Natasha
  2522 | D:3      | Killed Natasha
  2523 | D:3      | Reached skill level 5 in Armour
  2616 | D:3      | Found a blossoming altar of Fedhas.
  2622 | D:3      | Found a hazy altar of Hepliaklqana.
  2856 | D:4      | Found a stormy altar of Qazlal.
  3254 | D:4      | Found a broken altar of Ashenzari.
  3728 | D:5      | Entered Level 5 of the Dungeon
  3735 | D:5      | Reached XP level 7. HP: 61/61 MP: 6/6
  3744 | D:5      | Found an opulent altar of Gozag.
  3771 | D:5      | Reached skill level 6 in Maces & Flails
  3783 | D:5      | Reached skill level 5 in Shields
  4040 | D:5      | Reached skill level 7 in Maces & Flails
  4140 | D:5      | Reached XP level 8. HP: 70/70 MP: 7/7
  4214 | D:5      | Found a basalt altar of Yredelemnul.
  4274 | D:5      | Found a shadowy altar of Dithmenos.
  4483 | D:5      | Reached skill level 8 in Maces & Flails
  5664 | D:6      | Identified a scroll of acquirement
  5664 | D:6      | Acquired 738 gold pieces
  5719 | D:6      | Reached skill level 9 in Maces & Flails
  6205 | D:6      | Identified the +5 war axe of Edaytaz {vorpal, Dex+2}
  6222 | D:6      | Identified the +3 lajatang of Vecla {freeze, Str+4}
  6364 | D:6      | Found a staircase to the Ecumenical Temple.
  6374 | Temple   | Entered the Ecumenical Temple
  6586 | D:6      | Noticed Edmund
  6595 | D:6      | Killed Edmund
  6596 | D:6      | Reached skill level 1 in Stealth
  6596 | D:6      | Reached XP level 9. HP: 53/74 MP: 8/8
  6746 | D:7      | Reached skill level 1 in Axes
  6760 | D:7      | Slain by an orc warrior

Illustrated notes

Levels and vault maps discovered:
D:1:      psy_arrival_radial02, layout_loops_ring,
          shapermc_ecumenical_altar_ellora, hangedman_decor_opposing
D:2:      layout_loops_ring, basic_altar, uniq_sigmund
D:3:      layout_loops_ring, zin_scriptorium, minitemple, serial_shops, shop,
          corexii_shack, uniq_natasha
D:4:      layout_gridville, lemuel_round_altar, mainiacjoe_overflow_alcove_4
D:5:      layout_loops_ring, grunt_dithmenos_smoke_and_mirrors,
          mainiacjoe_overflow_tiny_flanked, overflow_temple_1_default,
          kennysheep_generic_room_9
D:6:      layout_rooms, minmay_temple_entry_statues_fountains, uniq_edmund
D:7:      layout_basic, nicolae_uskayaw_suspiria, serial_shops,
          nicolae_stop_n_shop_2
Temple:   hellmonk_temple_flake

Skill      XL: |  1  2  3  4  5  6  7  8  9 |
---------------+----------------------------+-----
Fighting       | 4 5 6 |  6.8
Shields        | 4 5 |  5.6
Maces & Flails | 3 4 5 7 9 |  9.1
Armour         | 4 5 6 7 |  7.9
Dodging        | 1 2 3 |  3.1
Stealth        | 1 |  1.0
Axes           | 2 |  2.4

Action                   |  1- 3 |  4- 6 |  7- 9 || total
-------------------------+-------+-------+-------++-------
Melee: Flail             |    91 |    94 |   165 ||   350
       Headbutt          |     5 |    25 |    36 ||    66
       War axe           |       |       |    14 ||    14
  Use: Potion            |     2 |     6 |     1 ||     9
       Scroll            |       |       |    10 ||    10
Armor: Scale mail        |    44 |    47 |   118 ||   209
Dodge: Dodged            |    59 |    30 |   119 ||   208
Block: Buckler           |    24 |    33 |    56 ||   113
